 Dungeon Crawl Stone Soup version 0.18-a0-943-g2c08dd4 (webtiles) character file.

275 M4edhros the Sneak (level 6, -1/38 HPs)
             Began as an Octopode Artificer on Dec 29, 2015.
             Was an Initiate of Fedhas.
             Slain by a quasit (2 damage)
             ... summoned by Xom
             ... on level 2 of the Dungeon.
             The game lasted 00:06:04 (3477 turns).

M4edhros the Sneak (Octopode Artificer)             Turns: 3477, Time: 00:06:05

Health: -1/38      AC:  1    Str:  9 (10) XL:     6   Next: 24%
Magic:  9/9        EV: 19    Int: 16 (17) God:    Fedhas [......]
Gold:   87         SH:  0    Dex: 13 (15) Spells: 0 memorised, 5 levels left

rFire  . . .     SeeInvis .     s - +2 spear (flame)
rCold  . . .     Gourm    .     (no shield)
rNeg   . . .     Faith    .     (helmet restricted)
rPois  .         Spirit   .     (no amulet)
rElec  .         Dismiss  .     (no ring)
rCorr  .         Reflect  .     (no ring)
SustAt .         Harm     .     (no ring)
MR     .....                    (no ring)
Stlth  +++++.....               (no ring)
                                (no ring)
                                (no ring)
                                (no ring)

@: agile, about to teleport, not resistant to hostile enchantments, quite
stealthy
A: almost no armour, amphibious, 8 rings, constrict 8, camouflage 1, blurry
vision 1, clumsy 1, deterioration 1, sense surroundings 1, gelatinous body 1
a: Renounce Religion


You were on level 2 of the Dungeon.
You worshipped Fedhas.
Fedhas was noncommittal.
You were not hungry.

You visited 2 branches of the dungeon, and saw 5 of its levels.
You also visited: Sewer.

You collected 87 gold pieces.

Inventory:

Hand Weapons
 a - a +0 short sword
 j - a -1 flail
 k - a +0 blowgun
 r - a +0 hunting sling
 s - a +2 spear of flaming (weapon)
Missiles
 e - 65 stones (quivered)
 l - 39 poisoned needles
Jewellery
 o - an uncursed ring of ice
Wands
 b - a wand of flame (9/48)
 c - a wand of enslavement (12/24)
 d - a wand of random effects (8/48)
Scrolls
 g - 7 scrolls of identify
 h - a scroll of enchant armour
 i - 2 scrolls of fog
 m - a scroll of fear
 p - a scroll of blinking
 q - a scroll of magic mapping
Potions
 u - a potion of agility
Comestibles
 f - 2 bread rations


   Skills:
 - Level 1.0 Fighting
 - Level 1.0 Short Blades
 + Level 0.0 Slings
 * Level 4.1 Dodging
 * Level 5.7 Stealth
 + Level 0.0 Invocations
 + Level 4.4 Evocations


You had 5 spell levels left.
You didn't know any spells.

Dungeon Overview and Level Annotations

Branches:
Dungeon (4/15)             Temple (1/1) D:4

Altars:
Ashenzari
Cheibriados
Dithmenos
Elyvilon
Fedhas
Gozag
Kikubaaqudgha
Nemelex Xobeh
Okawaru
Sif Muna
Vehumet
Xom
Yredelemnul
Zin
The Shining One


Innate Abilities, Weirdness & Mutations

You cannot wear most types of armour.
You are amphibious.
You can wear up to eight rings at the same time.
You can use your tentacles to constrict eight enemies at once.
Your skin changes colour to match your surroundings (Stealth).
Your rubbery body absorbs attacks (AC +1).
Scrolls take you a little longer to read.
You are clumsy. (Dex -2)
Your body sometimes deteriorates upon taking damage.
You passively map a small area around you.


Message History

The crimson imp barely misses you. The quasit closely misses you.
The quasit completely misses you. The quasit claws you.
* * * LOW HITPOINT WARNING * * *
You feel clumsy.
Unknown command.
Read which item? (? for menu, Esc to quit)
Really read with blurry vision while enemies are nearby?
You begin reading the scroll.
You continue reading the scroll.
The quasit misses you. The quasit barely misses you. The quasit claws you.
* * * LOW HITPOINT WARNING * * *
You feel clumsy. The iron imp misses you.
The white imp grinds its teeth.
The iron imp misses you. x2
The crimson imp misses you. The quasit bites you.
* * * LOW HITPOINT WARNING * * *
The quasit claws you.
You die... "This toy is broken."
Fedhas appreciates your contribution to the ecosystem.

# ####.############ #####.. #
#.# #.. # #.# ##### #.. #
##.#####...## ####.. #
#.........#.## #..... #
#..###>##.##.### #.##.. #
#..<.....55....# #.#### #
#.####.##5##.#.# ####.# #
#......55@#.##.# #....# #
#......5555###.###.####
########......55555..........#
.................####.....##.#
########.........# ########.##
#........(# #...###
#..>.>....# #......
#.........# #...###
########### #####


You could see 4 iron imps, a quasit, 2 crimson imps, 4 white imps, a shadow imp
and 2 ufetubi.

Vanquished Creatures
  An iguana (D:4)
  Jessica (D:3)
  An orc wizard (D:3)
  6 gnolls
  2 river rats (Sewer)
  An adder (D:3)
  A shadow imp (D:2)
  2 giant geckos (D:1)
  5 orcs
  3 giant cockroaches
  8 hobgoblins
  6 kobolds
  3 ball pythons
  7 bats
  9 giant newts
  6 goblins
  12 rats
74 creatures vanquished.

Vanquished Creatures (others)
  A hound (D:4)
  A gnoll (D:2)
  13 toadstools
15 creatures vanquished.

Grand Total: 89 creatures vanquished

Notes
Turn   | Place    | Note
--------------------------------------------------------------
     0 | D:1      | M4edhros the Octopode Artificer began the quest for the Orb.
     0 | D:1      | Reached XP level 1. HP: 13/13 MP: 3/3
   375 | D:2      | Found an opulent altar of Gozag.
   435 | D:2      | Reached XP level 2. HP: 15/18 MP: 4/4
   495 | D:2      | Found a basalt altar of Yredelemnul.
   664 | D:3      | Noticed Jessica
   671 | D:3      | Killed Jessica
   671 | D:3      | Reached XP level 3. HP: 23/23 MP: 5/5
   672 | D:3      | Found a deep blue altar of Sif Muna.
   708 | D:3      | Reached skill level 4 in Evocations
   708 | D:3      | Reached XP level 4. HP: 28/28 MP: 5/7
   736 | D:3      | You fall through a shaft!
   846 | D:3      | Found a glowing drain.
   850 | Sewer    | Entered a sewer
  1498 | D:3      | Reached XP level 5. HP: 28/33 MP: 8/8
  1855 | D:4      | Found a staircase to the Ecumenical Temple.
  1877 | Temple   | Entered the Ecumenical Temple
  1909 | Temple   | Became a worshipper of Xom the Begetter of Turbulence
  1932 | Temple   | Fell from the grace of Xom
  1932 | Temple   | Became a worshipper of Fedhas Madash
  1954 | D:4      | Reached skill level 5 in Stealth
  2235 | D:1      | Reached XP level 6. HP: 29/38 MP: 9/9
  2659 | D:1      | XOM: give mutations
  2659 | D:1      | Gained mutation: You are clumsy. (Dex -2) [Xom's mischief]
  2659 | D:1      | Gained mutation: You passively map a small area around you. [Xom's mischief]
  2659 | D:1      | Gained mutation: Your body sometimes deteriorates upon taking damage. [Xom's mischief]
  2659 | D:1      | Gained mutation: Scrolls take you a little longer to read. [Xom's mischief]
  2815 | D:1      | XOM: noise
  3471 | D:2      | XOM: summons 14 hostile demons
  3477 | D:2      | HP: 1/38 [quasit[Xom] (2)]
  3477 | D:2      | Slain by a quasit

Vault maps used:
D:1:      dpeg_arrival_yet_another_circle, minmay_misc_feat_hallway,
          grunt_decor_fettered
D:2:      old_standard_altar, yredelemnul_altar_generic, first_bread
D:3:      tgw_sif, lightli_sewer_entry_pipes
D:4:      minmay_temple_entry_trees, evilmike_ruin_ashenzari
Temple:   circular_temple_12
Sewer:    sewer_co_cracked_pipes

Action                   |  1- 3 |  4- 6 || total
-------------------------+-------+-------++-------
Melee: Short sword       |    30 |     8 ||    38
       Flail             |       |    88 ||    88
       Spear             |       |     4 ||     4
Evoke: Wand              |       |    16 ||    16
  Use: Scroll            |       |     8 ||     8
       Potion            |       |     3 ||     3
 Stab: Sleeping          |     5 |    20 ||    25
  Eat: Chunk             |       |     3 ||     3
       Meat ration       |       |     1 ||     1
